Match 41413928
Unlisted

Match 41413928
End
Selects Airborne Battlegroup
Selects Heavy Machine Gun Paradrop
Heavy Machine Gun Paradrop
Engineer Squad
Construct Weapon Support Center
Heavy Machine Gun Paradrop
Mechanized Support Center
Construct Medical Station
Selects Paratrooper Squad Paradrop
Paratrooper Squad Paradrop
M3 Armored Personnel Carrier
Paratrooper Squad Paradrop
Designate Forward Repair Station
Selects Anti-tank Gun Team Paradrop
Selects Recon Loiter
Recon Loiter
M3 Armored Personnel Carrier
Paratrooper Squad Paradrop
M3 Armored Personnel Carrier
M3 Armored Personnel Carrier
Selects Supply Drop
M3 Armored Personnel Carrier
Construct Tank Depot
Selects Carpet Bombing Run
M4A1 76mm Conversion
M4A1(76) Sherman Medium Tank
M4A1(76) Sherman Medium Tank
Recon Loiter
Designate Forward Repair Station
M4A1(76) Sherman Medium Tank
Paratrooper Squad Paradrop
M4A1(76) Sherman Medium Tank
Carpet Bombing Run
†TugaElite†
PH_SONECA
xxxgunner
Fruti2k
Gosling Svodovich
KotJ44
0
0

Comments sign in to comment!

No comments posted yet!